 Dungeon Crawl Stone Soup version 0.30-a0-830-gfe289a77b0 (webtiles) character file.

Game seed: 15302142232782114960

1517694 freelancePsychic the Malleable (level 24, 122/122 HPs)
             Began as a Felid Wanderer on Feb 28, 2023.
             Was a Priest of Sif Muna.
             Escaped with the Orb
             ... and 3 runes!
             The game lasted 03:11:51 (76559 turns).

freelancePsychic the Malleable (Felid Wanderer)    Turns: 76559, Time: 03:11:52

Health: 122/122    AC:  3    Str:  9    XL:     24   Next: 17%
Magic:  45/45      EV: 38    Int: 26    God:    Sif Muna [***...]
Gold:   2664       SH:  0    Dex: 23    Spells: 3/39 levels left
                                        Lives:  1   Deaths: 2

rFire   + + .      SeeInvis +      - Unarmed
rCold   + . .      Faith    .    (shield unavailable)
rNeg    + . .      Spirit   .    (body armour unavailable)
rPois   .          Reflect  .    (helmet unavailable)
rElec   .          Harm     .    (cloak unavailable)
rCorr   +          Rampage  .    (gloves unavailable)
Will    +++..                    (boots unavailable)
Stlth   ++                       M - amulet "Waefoept" {RegenMP Fly rF+ rN+ Str+3}
HPRegen 0.40/turn                O - ring "Haorisch" {Wiz Int+3 Dex+4}
MPRegen 0.69/turn                J - ring of Zibbeumm {rF+ rCorr MP+9}

@: flying, studying Evocations, quick
A: very small, claws 1, fangs 3, see invisible, speed 1, shaggy fur 3, stealthy
paws, no weapons or thrown items, no armour, multi-lived, horns 1, passive
freeze, inability to read after injury 1, MP-powered wands
0: Orb of Zot
}: 3/15 runes: decaying, slimy, gossamer
a: Renounce Religion, Channel Magic, Forget Spell


You escaped.
You worshipped Sif Muna.
Sif Muna was most pleased with you.
You visited 10 branches of the dungeon, and saw 51 of its levels.
You also visited: Ossuary, Gauntlet and Ice Cave.

You collected 8525 gold pieces.
You spent 5861 gold pieces at shops.

Inventory:

Jewellery
 c - a ring of positive energy
 d - a +6 ring of dexterity
 f - a ring of poison resistance
 h - the ring of Sophism {rElec rF+ Dex+2}
   (You found it in a Gauntlet)

   [ring of protection from fire]

   Dex:       It affects your dexterity (+2).
   rF:        It protects you from fire.
   rElec:     It insulates you from electricity.
 l - a +6 ring of intelligence
 p - an amulet of regeneration
 q - a ring of protection from fire
 r - an amulet of faith
 v - a ring of protection from cold
 w - the ring of Wudenoiden {rElec rC+ Dex+3}
   (You found it on level 5 of the Pits of Slime)

   [ring of protection from cold]

   Dex:       It affects your dexterity (+3).
   rC:        It protects you from cold.
   rElec:     It insulates you from electricity.
 z - a +6 ring of dexterity
 J - the ring of Zibbeumm (right paw) {rF+ rCorr MP+9}
   (You bought it in a shop on level 1 of the Dungeon)

   [ring of resist corrosion]

   rF:        It protects you from fire.
   MP:        It affects your magic capacity (+9).
   rCorr:     It protects you from acid and corrosion.
 M - the amulet "Waefoept" (around neck) {RegenMP Fly rF+ rN+ Str+3}
   (You found it on level 5 of the Pits of Slime)

   [amulet of magic regeneration]

   It increases your rate of magic regeneration.
   Str:       It affects your strength (+3).
   rF:        It protects you from fire.
   rN:        It protects you from negative energy.
   Fly:       It grants you flight.
 O - the ring "Haorisch" (left paw) {Wiz Int+3 Dex+4}
   (You took it off a vampire on level 11 of the Dungeon)

   [ring of wizardry]

   It improves your spell success rate.
   Int:       It affects your intelligence (+3).
   Dex:       It affects your dexterity (+4).
 S - a ring of positive energy
 V - a +4 ring of protection
 X - a ring of flight
 Y - a ring of protection from fire
 Z - a +4 ring of protection
Wands
 k - a wand of flame (115)
 y - a wand of paralysis (34)
 A - a wand of roots (49)
 B - a wand of polymorph (12)
 Q - a wand of digging (11)
 R - a wand of quicksilver (10)
 W - a wand of mindburst (22)
Scrolls
 e - 7 scrolls of poison
 g - 4 scrolls of immolation
 m - 27 scrolls of teleportation {@r4}
 s - 11 scrolls of blinking
 t - 7 scrolls of magic mapping
 x - 27 scrolls of identify {@r1}
 E - 6 scrolls of fog
 L - 10 scrolls of amnesia
 N - 6 scrolls of fear
Potions
 b - 6 potions of attraction
 i - a potion of brilliance
 j - 3 potions of might
 n - 4 potions of berserk rage
 o - 7 potions of lignification
 u - 10 potions of flight
 F - 4 potions of magic
 G - 18 potions of curing {@q1}
 H - 2 potions of resistance
 I - 7 potions of ambrosia
 P - 2 potions of haste {@q3}
 T - 3 potions of cancellation
 U - 6 potions of mutation
Miscellaneous
 C - a phial of floods
 D - a tin of tremorstones (2/2)


   Skills:
 - Level 20.0 Fighting
 - Level 20.0 Dodging
 - Level 12.0 Stealth
 + Level 18.4 Unarmed Combat
 - Level 8.0 Spellcasting
 - Level 8.5 Conjurations
 + Level 21.8 Transmutations
 - Level 4.6 Ice Magic
 + Level 20.4 Air Magic
 - Level 8.3 Poison Magic
 - Level 13.0 Invocations
 - Level 1.1 Evocations


You had 3 spell levels left.
You knew the following spells:

 Your Spells              Type           Power      Damage    Failure   Level
a - Wereblood             Tmut           89%        N/A       0%          2
b - Eringya's Noxious Bo  Tmut/Pois      36%        N/A       1%          6
c - Ignite Poison         Fire/Tmut/Pois 58%        N/A       1%          3
d - Olgreb's Toxic Radia  Pois           52%        N/A       1%          4
e - Storm Form            Tmut/Air       44%        N/A       1%          7
f - Apportation           Tloc           20%        N/A       2%          1
g - Maxwell's Capacitive  Air            43%        ∞         3%          8
h - Irradiate             Conj/Tmut      37%        3d24      1%          5

Your spell library contained the following spells:

 Spells                   Type           Power      Damage    Failure   Level
 Beastly Appendage        Tmut           100%       N/A       0%          1
 Shock                    Conj/Air       100%       1d9       0%          1
 Sting                    Tmut/Pois      100%       1d8       0%          1
 Poisonous Vapours        Pois/Air       100%       N/A       0%          2
 Static Discharge         Conj/Air       100%       2-7/arc   0%          2
 Swiftness                Air            86%        N/A       0%          3
 Foxfire                  Conj/Fire      100%       2x1d9     1%          1
 Freeze                   Ice            100%       1d10      1%          1
 Kiss of Death            Conj/Necr      100%       2d13      1%          1
 Magic Dart               Conj           100%       1d8       1%          1
 Cigotuvi's Dreadful Rot  Necr/Pois/Air  100%       N/A       1%          2
 Ensorcelled Hibernation  Hex/Ice        44%        N/A       1%          2
 Momentum Strike          Conj/Tloc      64%        3d9       1%          2
 Passwall                 Tmut/Erth      50%        N/A       1%          2
 Searing Ray              Conj           100%       2d8       1%          2
 Dazzling Flash           Conj/Hex       64%        N/A       1%          3
 Frozen Ramparts          Ice            68%        1d11      1%          3
 Hailstorm                Conj/Ice       44%        3d10      1%          3
 Kindle Blastsparks       Fire/Tloc/Air  90%        2d17      1%          3
 Mephitic Cloud           Conj/Pois/Air  66%        N/A       1%          3
 Ozocubu's Armour         Ice            34%        N/A       1%          3
 Spider Form              Tmut/Pois      73%        N/A       1%          3
 Stone Arrow              Conj/Erth      64%        3d11      1%          3
 Vhi's Electric Charge    Tloc/Air       100%       N/A       1%          3
 Necrotise                Necr           40%        1d6       2%          1
 Sandblast                Erth           20%        2d7       2%          1
 Slow                     Hex            40%        N/A       2%          1
 Summon Small Mammal      Summ           40%        N/A       2%          1
 Blink                    Tloc           20%        N/A       3%          2
 Call Imp                 Summ           10%        N/A       3%          2
 Lesser Beckoning         Tloc           20%        N/A       3%          2
 Scorch                   Fire           20%        2d6       3%          2
 Sublimation of Blood     Necr           10%        N/A       3%          2
 Call Canine Familiar     Summ           10%        N/A       7%          3
 Confusing Touch          Hex            10%        N/A       7%          3
 Gell's Gravitas          Tloc           10%        N/A       7%          3
 Inner Flame              Hex/Fire       10%        N/A       7%          3
 Summon Guardian Golem    Hex/Summ       10%        N/A       7%          3
 Teleport Other           Tloc           10%        N/A       7%          3
 Tukima's Dance           Hex            10%        N/A       7%          3
 Vampiric Draining        Necr           10%        2d6       7%          3
 Airstrike                Air            43%        2d(7-23)  0%          4
 Blade Hands              Tmut           44%        N/A       0%          5
 Ice Form                 Ice/Tmut       68%        N/A       1%          4
 Petrify                  Tmut/Erth      61%        N/A       1%          4
 Summon Lightning Spire   Summ/Air       59%        N/A       1%          4
 Alistair's Intoxication  Tmut/Pois      48%        N/A       1%          5
 Arcjolt                  Conj/Air       36%        1d46      1%          5
 Freezing Cloud           Conj/Ice/Air   31%        6-21      1%          5
 Iskenderun's Battlesphe  Conj           53%        2d10      1%          5
 Lightning Bolt           Conj/Air       36%        1d54      1%          5
 Silence                  Hex/Air        29%        N/A       1%          5
 Yara's Violent Unravell  Hex/Tmut       30%        3d13      1%          5
 Conjure Ball Lightning   Conj/Air       36%        3x3d12    1%          6
 Dragon Form              Tmut           44%        N/A       1%          7
 Flame Wave               Conj/Fire      32%        2d9       4%          4
 Fulminant Prism          Conj/Hex       16%        3d11      4%          4
 Iskenderun's Mystic Bla  Conj/Tloc      32%        2d8       4%          4
 Sticky Flame             Conj/Fire      32%        2d5       4%          4
 Statue Form              Tmut/Erth      40%        N/A       4%          6
 Summon Ice Beast         Ice/Summ       22%        N/A       9%          4
 Fireball                 Conj/Fire      16%        3d8       11%         5
 Anguish                  Hex/Necr       5%         N/A       22%         4
 Animate Dead             Necr           10%        N/A       22%         4
 Cause Fear               Hex            5%         N/A       22%         4
 Dispel Undead            Necr           10%        3d9       22%         4
 Leda's Liquefaction      Hex/Erth       5%         N/A       22%         4
 Manifold Assault         Tloc           10%        N/A       22%         4
 Passage of Golubria      Tloc           10%        N/A       22%         4
 Metabolic Englaciation   Hex/Ice        11%        N/A       24%         5
 Orb of Destruction       Conj           26%        9d9       47%         7
 Agony                    Necr           10%        N/A       50%         5
 Borgnjor's Vile Clutch   Necr/Erth      5%         N/A       50%         5
 Summon Forest            Summ/Tloc      5%         N/A       50%         5
 Summon Mana Viper        Hex/Summ       10%        N/A       50%         5
 Iron Shot                Conj/Erth      16%        9d4       50%         6
 Starburst                Conj/Fire      16%        6d6       50%         6
 Simulacrum               Ice/Necr       11%        N/A       77%         6
 Necromutation            Tmut/Necr      30%        N/A       82%         8
 Ozocubu's Refrigeration  Ice            17%        4d11      94%         7
 Death Channel            Necr           5%         N/A       96%         6
 Dispersal                Tloc           5%         N/A       96%         6
 Summon Cactus Giant      Summ           5%         N/A       96%         6
 Spellforged Servitor     Conj/Summ      16%        N/A       96%         7
 Chain Lightning          Conj/Air       36%        3d48      99%         9
 Enfeeble                 Hex            5%         N/A       100%        7
 Malign Gateway           Summ/Tloc      5%         N/A       100%        7
 Monstrous Menagerie      Summ           5%         N/A       100%        7
 Summon Hydra             Summ           5%         N/A       100%        7
 Borgnjor's Revivificati  Necr           5%         N/A       100%        8
 Discord                  Hex            5%         N/A       100%        8
 Disjunction              Tloc           5%         N/A       100%        8
 Infestation              Necr           5%         N/A       100%        8
 Lehudib's Crystal Spear  Conj/Erth      16%        10d5      100%        8
 Summon Horrible Things   Summ           5%         N/A       100%        8
 Death's Door             Necr           5%         N/A       100%        9
 Dragon's Call            Summ           5%         N/A       100%        9
 Fire Storm               Conj/Fire      16%        8d4       100%        9
 Polar Vortex             Ice            17%        N/A       100%        9
 Shatter                  Erth           5%         3d8*      100%        9
 Portal Projectile        Hex/Tloc       Unusable   N/A       N/A         3

Dungeon Overview and Level Annotations

Branches:
Dungeon (15/15)            Temple (0/1) D:6            Lair (5/5) D:8
  Swamp (4/4) Lair:2       Spider (4/4) Lair:2        Slime (5/5) Lair:5
    Orc (2/2) D:12            Elf (3/3) Orc:2        Vaults (4/5) D:13
  Crypt (0/3) Vaults:2     Depths (4/4) D:15            Zot (5/5) Depths:4
Ossuary (visited)           IceCv (visited)         Gauntlet (visited)

Altars:
Ashenzari
Cheibriados
Dithmenos
Elyvilon
Fedhas
Hepliaklqana
Kikubaaqudgha
Makhleb
Okawaru
Qazlal
Sif Muna
Uskayaw
Vehumet
Wu Jian
Yredelemnul
Zin
Jiyva

Shops:
D:1 =   D:4 (   D:6 ?   D:8 =   D:10 *   D:13 (   Orc:2 :?*[   Elf:2 :
Elf:3 ?   Vaults:1 (   Vaults:2 =   Vaults:4 [   Depths:1 :   Depths:2 :
Depths:3 **?   Depths:4 :[

Portals:
Hell: Depths:1 Depths:2 Depths:3 Depths:4
Abyss: Depths:3
Pandemonium: Depths:1 Depths:2
Ziggurat: Depths:4

Annotations:
D:10 Josephine
Lair:2 1 runed translucent door, zenocrate's ghost, journeyman TrFi
Lair:4 2 transporters
Spider:1 exclusion: 3 emperor scorpions, Mlioglotl
Spider:2 exclusion: emperor scorpion
Spider:3 exclusions: 2 fire elementals and 2 hell hounds
Elf:1 2 runed translucent doors, Yakesh's ghost, adept MiFi
Elf:2 3 runed translucent doors
Vaults:1 3 runed translucent doors, Henlumuh's ghost, veteran NaIE
Depths:1 1 runed translucent door, exclusion: orange crystal statue
Depths:2 1 runed translucent door, Camaan's ghost, adept DgCj
Zot:4 1 runed translucent door, Meadakhi's ghost, master DgEE


Innate Abilities, Weirdness & Mutations

You have sharp claws.
You have razor-sharp teeth.
You have supernaturally acute eyesight. (SInv)
You cover ground quickly. (Speed+)
Your thick and shaggy fur keeps you warm. (AC +3, rC+)
Your paws help you pounce on unaware monsters.
You are incapable of wielding weapons or throwing items.
You cannot wear armour.
You gain extra lives every three experience levels.
You have a pair of small horns on your head.
A frigid envelope surrounds you and freezes all who hurt you.
You occasionally lose the ability to read scrolls when taking damage.
You expend magic power (3 MP) to strengthen your wands.


Message History

There is a stone staircase leading down here.
There is a stone staircase leading up here.
You fly upwards.
There is a stone staircase leading down here.
There is a stone staircase leading up here.
You fly upwards.
There is a stone staircase leading down here.
There is a stone staircase leading up here.
You fly upwards.
A chaos spawn comes into view.
There is a stone staircase leading down here.
There is a stone staircase leading up here.
You fly upwards.
There is a stone staircase leading down here.
(D) Dungeon (T) Temple (L) Lair (S) Swamp (N) Spider Nest (M) Slime Pits (O) Orcish Mines (E) Elven Halls (V) Vaults (C) Crypt (U) Depths (H) Hell (Z) Zot
Where to? (Enter - D:1 @ (x,y), ? - help)
There is a stone staircase leading up here.
You fly upwards.
There is a stone staircase leading down here. 2 golden eyes come into view.
Unknown command.
Your transformation is almost over.
The golden eye blinks at you. You resist with almost no effort.
You batter the golden eye!!
You kill the golden eye!
Sif Muna accepts your kill.
You buffet the golden eye!
You kill the golden eye!
Sif Muna accepts your kill.
No target in view!
(D) Dungeon (T) Temple (L) Lair (S) Swamp (N) Spider Nest (M) Slime Pits (O) Orcish Mines (E) Elven Halls (V) Vaults (C) Crypt (U) Depths (H) Hell (Z) Zot
Where to? (Enter - D:1 @ (x,y), ? - help)
Your transformation has ended.
There is a stone staircase leading up here.
You fly upwards.
There is a stone staircase leading down here.
There is a staircase leading out of the dungeon here.
Unknown command.
You have escaped!

.............##.#.#.###..........
..###............................
.................................
#####.###.##.........##.....#....
# #.# #.#8.........8#.###.#.... #
#.# #.#...8...8...#.###'#....
#####.# #.#8.........8#.#........
......# #.##.........##.#........
...##.# #.#####8@8#####.#........
##....###.#############.###.##+##
...............................#
#####.#...##.###.###..#.###.####
#####.#...##.# #.# #....###.####
....#.#...##.# #.# #...........#
....#.#...##.# #.# #...........#
....#.#......# #.###..#........#
....#.##..##.# #...............#


There were no monsters in sight!

Vanquished Creatures
  the Royal Jelly (Slime:5)
  A pandemonium lord (Depths:3)
  4 dread liches (Zot:5)
  An ancient lich (Zot:5)
  2 orbs of fire
  A juggernaut (Depths:4)
  3 Killer Klowns (Zot:5)
  2 curse toes
  3 caustic shrikes (Depths:3)
  Margery (Vaults:4)
  Saint Roka (Elf:3)
  10 golden dragons
  Rupert (Lair:4)
  2 electric golems (Zot:5)
  18 Orb Guardians (Zot:5)
  8 tentacled monstrosities
  2 walking earthen tomes
  Zenata (Vaults:1)
  5 liches
  A deep elf master archer (Elf:3)
  5 quicksilver dragons
  9 death cobs
  2 walking divine tomes
  2 deep elf blademasters (Elf:3)
  20 acid blobs
  7 sphinxes
  Frances (Elf:1)
  A thorn hunter (Swamp:4)
  Donald (Vaults:1)
  3 shadow dragons
  7 storm dragons
  5 tengu reavers
  10 fire giants
  10 azure jellies
  A draconian monk (Zot:5)
  11 rockslimes
  7 draconian knights
  A daeva (Depths:4)
  7 frost giants
  2 emperor scorpions (Spider:4)
  6 deep elf sorcerers
  A balrug (Depths:3)
  An iron dragon (Depths:3)
  Aizul (Elf:3)
  4 spectral caustic shrikes (Depths:4)
  5 draconian scorchers
  4 orc warlords
  13 vault wardens
  6 ghost moths
  11 stone giants
  3 draconian annihilators
  39 very ugly things
  2 reapers
  17 ironbound preservers
  4 draconian stormcallers
  2 ghouls (Swamp:4)
  8 ironbound thunderhulks
  3 spriggan defenders (Depths:2)
  7 draconian shifters
  A deep elf elementalist (Elf:3)
  2 angels (Depths:4)
  7 quicksilver oozes
  4 eleionomae
  4 vampire knights
  8 deep elf demonologists
  10 green draconians
  11 dire elephants
  8 white draconians
  3 black draconians
  A minotaur (Gauntlet)
  7 purple draconians
  4 deep elf annihilators (Elf:3)
  10 yellow draconians
  14 spark wasps
  13 ettins
  3 bunyips
  A blizzard demon (Zot:2)
  8 deep elf death magi
  2 green deaths (Swamp:4)
  13 red draconians
  An eidolon (Vaults:2)
  8 fire dragons
  2 spriggan zombies (Depths:2)
  5 entropy weavers
  9 great orbs of eyes
  4 deep elf high priests (Elf:3)
  Harold (D:9)
  10 yaktaur captains
  11 ice dragons
  A peacekeeper (Vaults:2)
  5 vault guards (Vaults:3)
  A ghost crab (Swamp:4)
  A shambling mangrove (Swamp:1)
  4 jorogumos
  3 caustic shrike simulacra (IceCv)
  8 spriggan air magi
  A catoblepas (D:11)
  13 centaur warriors
  15 hydras
  4 rakshasas
  A hell beast (Swamp:4)
  5 ironbound frosthearts
  Erica (D:10)
  3 radroaches
  9 ogre magi
  11 boulder beetles
  8 dancing weapons
  2 death knights (Vaults:2)
  6 deep troll shamans
  7 alligators
  An alligator (shapeshifter) (D:12)
  28 two-headed ogres
  4 death yaks (Lair:4)
  3 deep troll earth magi
  Urug (D:13)
  4 tengu warriors
  5 spriggan berserkers
  2 vampire magi
  2 thrashing horrors (Swamp:4)
  A soul eater (Vaults:2)
  9 hell knights
  Sonja (D:11)
  2 titan skeletons (Depths:2)
  4 deep elf knights
  A sun moth (Spider:2)
  A sixfirhy (Depths:4)
  3 pharaoh ants
  A death drake (Swamp:1)
  Lodul (D:10)
  A skeletal warrior (D:12)
  3 spriggan druids
  4 glowing orange brains
  6 swamp dragons
  A glowing orange brain (shapeshifter) (D:12)
  6 orb spiders
  2 obsidian statues (IceCv)
  4 goliath frogs
  5 bog bodies
  9 wizards
  52 deep trolls
  A spriggan simulacrum (IceCv)
  3 flayed ghosts
  7 lindwurms
  7 deep elf archers
  4 harpies (Vaults:1)
  4 steelbarb worms
  12 deep elf zephyrmancers
  5 phantasmal warriors
  15 ironbound convokers
  31 deep elf pyromancers
  23 wolf spiders
  6 necromancers
  14 orc knights
  3 orc sorcerers
  75 ugly things
  A shining eye (Slime:1)
  5 manticores
  2 large abominations (Swamp:4)
  11 cyclopes
  15 moths of wrath
  9 elephants
  A salamander (shapeshifter) (D:14)
  4 will-o-the-wisps
  A guardian serpent (Lair:5)
  6 demonic crawlers
  5 eyes of devastation
  4 gargoyles
  A water nymph (shapeshifter) (D:11)
  8 torpor snails
  5 orange demons
  9 black mambas
  14 vault sentinels
  12 cane toads
  3 kobold demonologists
  7 unseen horrors
  9 komodo dragons
  33 yaktaurs
  5 freezing wraiths
  A komodo dragon (shapeshifter) (Elf:2)
  An efreet (D:13)
  7 rime drakes
  A yaktaur (shapeshifter) (D:12)
  2 ice devils
  5 tengu conjurers (D:13)
  A bloated husk (Swamp:1)
  5 golden dragon simulacra (IceCv)
  13 trolls
  8 meliai
  2 polar bears
  28 hornets
  9 tyrant leeches
  33 tarantellas
  38 blink frogs
  34 jumping spiders
  A centaur simulacrum (D:14)
  A spriggan (shapeshifter) (D:15)
  2 air elementals
  3 shadows
  69 slime creatures
  3 vampires
  A ynoxinul (Depths:1)
  2 dire elephant simulacra (IceCv)
  8 wraiths
  19 culicivoras
  3 fire bats (Depths:3)
  22 spriggans
  55 yaks
  18 wyverns
  Grum (D:11)
  4 basilisks
  59 redbacks
  2 steam dragons (D:8)
  A fire elemental (Spider:3)
  4 golden eyes
  A hog (shapeshifter) (D:10)
  19 vampire mosquitoes
  A minotaur simulacrum (IceCv)
  A swamp worm (shapeshifter) (Depths:3)
  19 swamp worms
  2 wargs (Orc:2)
  4 acid dragons
  30 water moccasins
  Duvessa (D:5)
  26 orc warriors
  An ogre skeleton (Vaults:1)
  A sky beast (D:7)
  A human zombie (Vaults:1)
  5 ettin simulacra
  37 ogres
  5 black bears
  3 boggarts
  13 centaurs
  18 wolves
  2 phantoms (D:6)
  5 kobold brigands
  3 necrophages
  A gnoll sergeant (D:7)
  9 bullfrogs
  4 earth elementals
  4 scorpions (D:5)
  13 wights
  Dowan (D:5)
  5 killer bees
  16 howler monkeys
  2 electric eels (Lair:1)
  4 hounds
  4 jellies
  9 orc priests
  Crazy Yiuf (D:5)
  Jessica (D:2)
  A hell rat (Lair:5)
  8 iguanas
  18 orc wizards
  8 gnolls
  3 adders
  11 river rats (Lair:5)
  2 white imps
  2 ufetubi
  2 dart slugs
  58 orcs
  10 ball pythons
  2 endoplasms
  3 giant cockroaches
  3 goblins
  5 hobgoblins
  4 quokkas
  7 bats
  A frilled lizard (D:2)
  20 kobolds
  8 rats
2072 creatures vanquished.

Vanquished Creatures (others)
  A draconian knight (Zot:4)
  A hydra (Swamp:2)
  A bloated husk (Swamp:2)
  A bush (Lair:5)
  12 foxfires
  53 fungi
  118 plants
  4 withered plants
191 creatures vanquished.

Grand Total: 2263 creatures vanquished

Notes
Turn   | Place    | Note
-------+----------+-------------------------------------------
     0 | D:1      | freelancePsychic the Felid Wanderer began the quest for the
                  | Orb.
     0 | D:1      | freelancePsychic set off with the following items: a wand
                  | of flame (7), a potion of attraction; and the following
                  | spells available to memorise: Freeze, Sting, Poisonous
                  | Vapours, Ozocubu's Armour, Olgreb's Toxic Radiance.
     0 | D:1      | Reached XP level 1. HP: 7/7 MP: 3/3
     2 | D:1      | Learned a level 1 spell: Sting
   231 | D:1      | Reached skill level 1 in Stealth
   256 | D:1      | Reached XP level 2. HP: 10/11 MP: 0/4
   297 | D:1      | Learned a level 2 spell: Poisonous Vapours
  1271 | D:1      | Found Enewacunk's Jewellery Boutique.
  1478 | D:2      | Identified the +1 ring mail of the Jackalope {rPois}
  1816 | D:2      | Reached XP level 3. HP: 15/15 MP: 0/5
  1947 | D:2      | Reached skill level 1 in Air Magic
  2112 | D:2      | Noticed Jessica
  2132 | D:2      | Killed Jessica
  2133 | D:2      | Reached XP level 4. HP: 18/18 MP: 0/7
  3002 | D:3      | Found a shimmering blue altar of Sif Muna.
  3013 | D:3      | Became a worshipper of Sif Muna the Loreminder
  3496 | D:4      | Noticed a necrophage
  3584 | D:5      | Entered Level 5 of the Dungeon
  3584 | D:5      | Noticed an ogre
  3585 | D:5      | Noticed a water moccasin
  3624 | D:5      | Noticed a scorpion
  3636 | D:5      | Noticed an ogre
  3638 | D:5      | Noticed an ogre
  3830 | D:5      | Reached XP level 5. HP: 16/21 MP: 0/8
  3899 | D:6      | Learned a level 4 spell: Olgreb's Toxic Radiance
  3931 | D:6      | Noticed a black bear
  3937 | D:6      | Reached skill level 1 in Invocations
  3999 | D:6      | Killed a black bear
  4000 | D:6      | Reached skill level 5 in Poison Magic
  4000 | D:6      | Gained mutation: You are covered in thick fur. (AC +2)
                  | [Felid growth]
  4000 | D:6      | Reached XP level 6. HP: 21/25 MP: 0/10
  4020 | D:6      | Found a sand-covered staircase.
  4071 | Ossuary  | Entered an ossuary
  4089 | D:6      | Noticed a sky beast
  4762 | D:4      | Found Juomoa's Weapon Shoppe.
  5036 | D:4      | Found a radiant altar of Vehumet.
  5767 | D:5      | Reached XP level 7. HP: 19/28 MP: 0/12
  5877 | D:5      | Reached * piety under Sif Muna
  5988 | D:5      | Reached skill level 5 in Stealth
  6748 | D:5      | Noticed Dowan
  6749 | D:5      | Noticed Duvessa
  6790 | D:5      | Killed Duvessa
  6791 | D:5      | Reached XP level 8. HP: 26/31 MP: 9/14
  6798 | D:5      | Killed Dowan
  7249 | D:5      | Found a runed translucent door.
  7250 | D:5      | Noticed Crazy Yiuf
  7472 | D:5      | Killed Crazy Yiuf
  7710 | D:6      | Found a blossoming altar of Fedhas.
  7809 | D:5      | Learned a level 3 spell: Mephitic Cloud
  7886 | D:1      | Bought an amulet of regeneration for 330 gold pieces
  8301 | D:6      | Found a staircase to the Ecumenical Temple.
  8311 | D:6      | Found Duudeok's Magic Scroll Emporium.
  8867 | D:7      | Found a burning altar of Makhleb.
  8934 | D:7      | Found a white marble altar of Elyvilon.
  9298 | D:7      | Reached XP level 9. HP: 34/34 MP: 0/17
  9599 | D:8      | Found Duits's Jewellery Boutique.
 10090 | D:8      | Reached skill level 1 in Fighting
 10090 | D:8      | Reached skill level 5 in Spellcasting
 10090 | D:8      | Reached skill level 5 in Invocations
 10580 | D:7      | Reached skill level 5 in Dodging
 10807 | D:8      | Found a staircase to the Lair.
 10826 | D:8      | Reached XP level 10. HP: 34/43 MP: 12/18
 10903 | D:8      | Reached ** piety under Sif Muna
 11138 | D:8      | Reached skill level 5 in Fighting
 11787 | D:9      | Noticed a two-headed ogre
 11803 | D:9      | Killed a two-headed ogre
 12099 | D:9      | Found an iron altar of Okawaru.
 12110 | D:9      | Learned a level 1 spell: Apportation
 12176 | D:9      | Found a basalt altar of Yredelemnul.
 12243 | D:9      | Noticed Harold
 12264 | D:9      | Killed Harold
 12265 | D:9      | Reached skill level 1 in Conjurations
 12265 | D:9      | Reached skill level 1 in Transmutations
 12273 | D:9      | Learned a level 5 spell: Irradiate
 12420 | D:9      | Reached skill level 2 in Transmutations
 12647 | D:9      | Reached XP level 11. HP: 42/49 MP: 2/19
 12825 | D:9      | Found a snail-covered altar of Cheibriados.
 12856 | D:10     | Entered Level 10 of the Dungeon
 12865 | D:10     | Noticed Erica
 12866 | D:10     | Noticed Lodul
 12880 | D:10     | Reached skill level 3 in Transmutations
 12881 | D:10     | Killed Lodul
 12884 | D:10     | Killed Erica
 12888 | D:10     | Reached skill level 4 in Transmutations
 12940 | D:10     | Found an ornate altar of the Wu Jian Council.
 13216 | D:10     | Found a shadowy altar of Dithmenos.
 13470 | D:10     | Found a broken altar of Ashenzari.
 13503 | D:10     | Found Zin's Purification Station.
 13503 | D:10     | Found a glowing silver altar of Zin.
 13522 | D:11     | Reached skill level 5 in Transmutations
 13533 | D:11     | Found a gate leading to a gauntlet.
 13542 | Gauntlet | Entered a Gauntlet
 13542 | Gauntlet | Found a transporter.
 13542 | Gauntlet | Found a transporter.
 13542 | Gauntlet | Found a transporter.
 13542 | Gauntlet | Found a transporter.
 13593 | Gauntlet | Found a transporter.
 13603 | Gauntlet | Found a transporter.
 13607 | Gauntlet | Found a transporter.
 13611 | Gauntlet | Noticed a glowing orange brain
 13614 | Gauntlet | Noticed a glowing orange brain
 13616 | Gauntlet | Noticed an obsidian statue
 13617 | Gauntlet | Found a transporter.
 13617 | Gauntlet | Found the +0 pair of fencer's gloves {Riposte Dex+3}
 13710 | Gauntlet | Found a transporter.
 13720 | Gauntlet | Found a transporter.
 13724 | Gauntlet | Found a transporter.
 13726 | Gauntlet | Noticed a green ugly thing
 13728 | Gauntlet | Noticed a green ugly thing
 13736 | Gauntlet | Found a transporter.
 13942 | Gauntlet | Identified the ring of Sophism {rElec rF+ Dex+2}
 14113 | Gauntlet | Noticed a minotaur
 14124 | Gauntlet | Killed a minotaur
 14124 | Gauntlet | Reached *** piety under Sif Muna
 14183 | Gauntlet | Identified the +0 robe of the Elephant {rElec rN+}
 14192 | D:11     | Reached skill level 5 in Conjurations
 14209 | D:11     | Noticed a two-headed ogre
 14249 | D:11     | Noticed Grum
 14333 | D:10     | Reached skill level 6 in Transmutations
 14754 | D:11     | Noticed a centaur warrior
 14860 | D:11     | Killed Grum
 14862 | D:11     | Reached skill level 7 in Transmutations
 14862 | D:11     | Gained mutation: Your thick and shaggy fur keeps you warm.
                  | (AC +3, rC+) [Felid growth]
 14862 | D:11     | Reached XP level 12. HP: 46/55 MP: 16/20
 14881 | D:11     | Identified the ring "Haorisch" {Wiz Int+3 Dex+4}
 15058 | D:10     | Noticed Josephine
 15125 | D:11     | Noticed a two-headed ogre
 15127 | D:11     | Noticed a boulder beetle
 15185 | D:11     | Noticed a two-headed ogre
 15187 | D:11     | Killed a two-headed ogre
 15288 | Lair:1   | Entered Level 1 of the Lair of Beasts
 15635 | Lair:1   | Reached skill level 8 in Transmutations
 16232 | Lair:1   | Reached **** piety under Sif Muna
 16947 | Lair:2   | Reached skill level 9 in Transmutations
 17350 | Lair:2   | Found a hazy altar of Hepliaklqana.
 17372 | Lair:2   | Found a staircase to the Swamp.
 17894 | Lair:2   | Found a runed translucent door.
 17894 | Lair:2   | Noticed zenocrate's ghost (journeyman TrFi)
 17913 | Lair:2   | Noticed a boulder beetle
 17933 | Lair:2   | Found a hole to the Spider Nest.
 18256 | Lair:2   | Reached XP level 13. HP: 60/60 MP: 12/21
 18459 | Lair:3   | Reached skill level 10 in Transmutations
 18621 | Lair:3   | Reached skill level 10 in Dodging
 19207 | Lair:3   | Reached skill level 10 in Fighting
 19338 | Lair:3   | Reached ***** piety under Sif Muna
 20043 | D:6      | Bought a scroll of acquirement for 572 gold pieces
 20043 | D:6      | Acquired 565 gold pieces
 20124 | D:1      | Bought the ring of Zibbeumm {rF+ rCorr MP+9} for 581 gold
                  | pieces
 20311 | Lair:4   | Received a gift from Sif Muna
 20312 | Lair:4   | Got Sif Muna's Anthology of Gusts {god gift}
 21169 | Lair:4   | Found a transporter.
 21214 | Lair:4   | Learned a level 5 spell: Freezing Cloud
 21408 | Lair:4   | Noticed Rupert
 21416 | Lair:4   | Paralysed by Rupert for 2 turns
 21442 | Lair:4   | Killed Rupert
 21546 | Lair:4   | Found a transporter.
 22361 | Lair:5   | Entered Level 5 of the Lair of Beasts
 22490 | Lair:5   | Found a staircase to the Slime Pits.
 22826 | Lair:5   | Found a viscous altar of Jiyva.
 23019 | Lair:5   | Reached XP level 14. HP: 62/67 MP: 17/22
 23508 | Lair:5   | Found a runed translucent door.
 23566 | Lair:5   | Reached skill level 5 in Air Magic
 23798 | Lair:5   | Received a gift from Sif Muna
 23799 | Lair:5   | Got Hacw's Teachings on the Non-Euclidean Legion {god gift}
 25254 | Lair:5   | Paralysed by a hornet for 3 turns
 26988 | D:8      | Found the +12 pair of quick blades "Gyre" and "Gimble"
                  | {protect}
 27664 | D:11     | Mangled by a catoblepas
 27665 | D:11     | Reached XP level 13. HP: -10/64 MP: 31/31
 27698 | D:11     | Noticed Sonja
 27752 | D:12     | Received a gift from Sif Muna
 27753 | D:12     | Got Sif Muna's Lectures on Accelerants and Earth {god gift}
 27773 | D:12     | Learned a level 3 spell: Ignite Poison
 27915 | D:12     | You fall into a shaft and drop 1 floor!
 28102 | D:13     | Noticed Urug
 28113 | D:13     | Killed Urug
 28384 | D:13     | Got the Book of Accelerants and the Crevasse
 28474 | D:13     | Reached XP level 14. HP: 69/69 MP: 18/24
 28537 | D:13     | Paralysed by an ogre mage for 3 turns
 28704 | D:13     | Found a shimmering blue altar of Sif Muna.
 28710 | D:13     | Noticed a tengu reaver
 28851 | D:13     | Found Ceczuz's Weapon Shop.
 29447 | D:12     | Found a staircase to the Orcish Mines.
 30195 | D:12     | Noticed a fire giant
 30203 | D:12     | Killed a fire giant
 30215 | D:12     | Gained mutation: You sometimes lose your temper in combat.
                  | [mutagenic glow]
 30312 | D:12     | Paralysed by an ogre mage for 2 turns
 30416 | D:12     | Identified the +5 mace of Wounding {flame, rElec rCorr
                  | Dex+6}
 30421 | D:12     | Received a gift from Sif Muna
 30832 | D:12     | Noticed a storm dragon
 30865 | D:11     | Reached skill level 10 in Air Magic
 32091 | D:11     | Killed Sonja
 32422 | D:11     | Got Sif Muna's Lectures on the Volley and Filth
 32490 | D:11     | Reached XP level 15. HP: 74/74 MP: 13/28
 32498 | D:11     | Learned a level 7 spell: Storm Form
 32842 | Orc:1    | Entered Level 1 of the Orcish Mines
 33163 | Orc:1    | Reached skill level 11 in Transmutations
 33635 | Orc:2    | Entered Level 2 of the Orcish Mines
 33893 | Orc:2    | Received a gift from Sif Muna
 33921 | Orc:2    | Reached skill level 12 in Transmutations
 33940 | Orc:2    | Got Sif Muna's Spellbook of Vapourous Lithomancy {god gift}
 34328 | Orc:2    | Found Fehirch's General Store.
 34329 | Orc:2    | Found Ishabb's Book Boutique.
 34329 | Orc:2    | Found Dimmefe's Magic Scroll Emporium.
 34329 | Orc:2    | Found Initorph's Armour Shop.
 34337 | Orc:2    | Bought a scroll of blinking for 105 gold pieces
 34337 | Orc:2    | Bought a scroll of immolation for 56 gold pieces
 34337 | Orc:2    | Bought a potion of curing for 42 gold pieces
 34337 | Orc:2    | Bought a potion of curing for 42 gold pieces
 34337 | Orc:2    | Bought a potion of curing for 42 gold pieces
 34337 | Orc:2    | Bought a potion of ambrosia for 112 gold pieces
 34339 | Orc:2    | Bought 2 scrolls of teleportation for 78 gold pieces
 34619 | Orc:2    | Found a staircase to the Elven Halls.
 34780 | D:6      | Bought a scroll of fear for 44 gold pieces
 34780 | D:6      | Bought a scroll of blinking for 82 gold pieces
 34780 | D:6      | Bought a scroll of blinking for 82 gold pieces
 34780 | D:6      | Bought a scroll of blinking for 82 gold pieces
 34780 | D:6      | Bought a scroll of teleportation for 33 gold pieces
 34780 | D:6      | Bought a scroll of teleportation for 33 gold pieces
 34780 | D:6      | Bought a scroll of magic mapping for 82 gold pieces
 35410 | Elf:1    | Entered Level 1 of the Elven Halls
 35516 | Elf:1    | Noticed Frances
 35526 | Elf:1    | Killed Frances
 36605 | Elf:1    | Noticed a deep elf sorcerer
 36625 | Elf:1    | Killed a deep elf sorcerer
 36638 | Elf:1    | Reached skill level 13 in Transmutations
 36918 | Elf:1    | Identified the +1 quarterstaff "Fumpah" {elec, Str+2 Int+3}
 37255 | Elf:1    | Found a large runed translucent door.
 37255 | Elf:1    | Found a large runed translucent door.
 37258 | Elf:1    | Noticed Yakesh's ghost (adept MiFi)
 37315 | Elf:2    | Received a gift from Sif Muna
 37316 | Elf:2    | Got Sif Muna's Essays on Shocking Battle Magic {god gift}
 37337 | Elf:2    | Found an ancient bone altar of Kikubaaqudgha.
 37360 | Elf:2    | Reached XP level 16. HP: 73/79 MP: 15/29
 37557 | Elf:2    | Found a runed translucent gate.
 37557 | Elf:2    | Found a runed translucent gate.
 37568 | Elf:2    | Found a runed translucent gate.
 37623 | Elf:2    | Found Ceroegg's Book Boutique.
 37709 | Elf:2    | Bought Great Wizards, Vol. II for 570 gold pieces
 37717 | Elf:2    | Learned a level 6 spell: Eringya's Noxious Bog
 38496 | Spider:1 | Entered Level 1 of the Spider Nest
 39609 | Spider:1 | Noticed Mlioglotl
 39923 | Spider:2 | Reached skill level 14 in Transmutations
 39987 | Spider:2 | Lost mutation: You sometimes lose your temper in combat.
                  | [potion of mutation]
 39987 | Spider:2 | Gained mutation: Your flesh is heat resistant. (rF+)
                  | [potion of mutation]
 39987 | Spider:2 | Gained mutation: You occasionally lose the ability to read
                  | scrolls when taking damage. [potion of mutation]
 40700 | Spider:2 | Reached skill level 1 in Unarmed Combat
 41017 | Spider:2 | Received a gift from Sif Muna
 41018 | Spider:2 | Got Sif Muna's Parchment of Misty Teratogeny {god gift}
 42037 | Spider:3 | Reached skill level 15 in Transmutations
 42529 | Swamp:1  | Entered Level 1 of the Swamp
 42543 | Swamp:1  | Reached skill level 15 in Fighting
 42718 | Swamp:1  | Reached XP level 17. HP: 82/85 MP: 18/30
 43992 | Swamp:2  | Received a gift from Sif Muna
 45010 | Swamp:4  | Entered Level 4 of the Swamp
 45451 | Swamp:4  | Reached skill level 5 in Unarmed Combat
 45955 | Swamp:4  | Received a gift from Sif Muna
 45956 | Swamp:4  | Got Sif Muna's Omnibus of Rot and the Crevasse {god gift}
 46350 | Swamp:4  | Got a decaying rune of Zot
 46867 | Spider:4 | Entered Level 4 of the Spider Nest
 46920 | Spider:4 | Found a frozen archway.
 46929 | Spider:4 | Reached XP level 18. HP: 90/90 MP: 11/31
 47025 | IceCv    | Entered an ice cave
 47888 | IceCv    | Reached ****** piety under Sif Muna
 48040 | IceCv    | Noticed an Ice Fiend
 48040 | IceCv    | Noticed an Ice Fiend
 48177 | Spider:4 | Received a gift from Sif Muna
 48178 | Spider:4 | Got Sif Muna's Almanac of Turbulence and Changes {god gift}
 48619 | Spider:4 | Reached skill level 15 in Dodging
 49589 | Spider:4 | Got a gossamer rune of Zot
 50246 | Elf:3    | Entered Level 3 of the Elven Halls
 50415 | Elf:3    | Found Buesuro's Magic Scroll Shop.
 50420 | Elf:3    | Bought a scroll of fear for 64 gold pieces
 50420 | Elf:3    | Bought a scroll of immolation for 64 gold pieces
 50420 | Elf:3    | Bought a scroll of immolation for 64 gold pieces
 50585 | Elf:3    | Noticed Saint Roka
 50589 | Elf:3    | Reached skill level 10 in Stealth
 50592 | Elf:3    | Killed Saint Roka
 50784 | Elf:3    | Noticed Aizul
 50821 | Elf:3    | Noticed a Brimstone Fiend
 50961 | Elf:3    | Killed Aizul
 50987 | Elf:3    | Noticed a Hell Sentinel
 51415 | Elf:3    | Identified the +11 battleaxe "Daimiomn" {heavy, rPois rF+
                  | Str-4}
 51427 | Elf:3    | Received a gift from Sif Muna
 51428 | Elf:3    | Got Sif Muna's Verses on Burnt Sculpting {god gift}
 51504 | Elf:3    | Identified the +6 mace of the Thing {protect, Fragile rC+
                  | rN+}
 51518 | Elf:3    | Identified the +5 dire flail "Sajos" {spect, rPois rF+
                  | Will+ Int-3 Stlth-}
 51535 | Elf:3    | Identified the +1 chain mail of the Lute {MP+9 Str+6}
 51713 | Elf:3    | Reached skill level 10 in Unarmed Combat
 52166 | Elf:3    | Identified the +1 long sword of the Horn {freeze, Int+3
                  | Stlth+}
 52754 | D:12     | Reached XP level 19. HP: 94/94 MP: 20/32
 53603 | D:13     | Found a gate to the Vaults.
 53951 | D:13     | Got Biwen's Compilation of Evil
 54928 | D:15     | Entered Level 15 of the Dungeon
 55559 | D:15     | Found a staircase to the Depths.
 55672 | D:15     | Found a hide-covered altar of Uskayaw.
 55918 | Vaults:1 | Entered Level 1 of the Vaults
 55927 | Vaults:1 | Received a gift from Sif Muna
 55931 | Vaults:1 | Got Ujeuv's Volume of Lethal Ensorcelling {god gift}
 56164 | Elf:2    | Identified the +10 dagger "Ogre's Nightmare" {antimagic,
                  | rN+ Dex+2}
 56169 | Elf:2    | Bought Toneotal's Discursus on Alteration and the Caves for
                  | 600 gold pieces
 56319 | Vaults:1 | Noticed Zenata
 56333 | Vaults:1 | Killed Zenata
 56545 | Vaults:1 | Learned a level 2 spell: Wereblood
 56821 | Vaults:1 | Noticed Donald
 56825 | Vaults:1 | Killed Donald
 57126 | Vaults:1 | Found Begg's Antique Weapon Shop.
 57772 | Vaults:1 | Found a runed translucent gate.
 57772 | Vaults:1 | Found a runed translucent gate.
 57772 | Vaults:1 | Found a runed translucent gate.
 57772 | Vaults:1 | Noticed Henlumuh's ghost (veteran NaIE)
 58011 | Vaults:1 | Found a viscous altar of Jiyva.
 58647 | Vaults:2 | Found Nizo Buula's Jewellery Emporium.
 58653 | Vaults:2 | Received a gift from Sif Muna
 58677 | Vaults:2 | Reached XP level 20. HP: 98/102 MP: 29/33
 59117 | Vaults:2 | Got Pynegym's Quarto of the Mantidfly {god gift}
 59323 | Vaults:2 | Found a staircase to the Crypt.
 60112 | Vaults:3 | Lost mutation: You occasionally lose the ability to read
                  | scrolls when taking damage. [potion of mutation]
 60112 | Vaults:3 | Lost mutation: Your flesh is heat resistant. (rF+) [potion
                  | of mutation]
 60112 | Vaults:3 | Gained mutation: Your mind is acute. (Int +4, Str/Dex -1)
                  | [potion of mutation]
 60112 | Vaults:3 | Gained mutation: A frigid envelope surrounds you and
                  | freezes all who hurt you. [potion of mutation]
 60112 | Vaults:3 | Gained mutation: You expend magic power (3 MP) to
                  | strengthen your wands. [potion of mutation]
 60112 | Vaults:3 | Gained mutation: You have a pair of small horns on your
                  | head. [potion of mutation]
 60223 | Vaults:3 | Received a gift from Sif Muna
 60224 | Vaults:3 | Got Sif Muna's Commentary on Ectoplasm {god gift}
 60368 | Vaults:3 | Paralysed by a sphinx for 4 turns
 61469 | Vaults:4 | Noticed Margery
 61496 | Vaults:4 | Killed Margery
 61707 | Vaults:4 | Reached XP level 21. HP: 108/108 MP: 34/34
 61808 | Vaults:4 | Reached skill level 15 in Unarmed Combat
 61961 | Vaults:4 | Received a gift from Sif Muna
 62794 | Vaults:4 | Found Hotuwie's Armour Boutique.
 63377 | Depths:1 | Entered Level 1 of the Depths
 63377 | Depths:1 | Found a gateway to Hell.
 63590 | Depths:1 | Found Zyap's Book Boutique.
 63715 | Depths:1 | Received a gift from Sif Muna
 63716 | Depths:1 | Got Domecri's Omnibus of the Warped Gang {god gift}
 63903 | Depths:1 | Found a stormy altar of Qazlal.
 63952 | Depths:1 | Found a one-way gate leading to the halls of Pandemonium.
 64051 | Depths:1 | Found a runed translucent door.
 64599 | Depths:2 | Reached skill level 16 in Transmutations
 64685 | Depths:2 | Found a runed translucent door.
 64686 | Depths:2 | Noticed Camaan's ghost (adept DgCj)
 64858 | Depths:2 | Found Qanwahof's Book Boutique.
 65039 | Depths:2 | Reached skill level 10 in Invocations
 65304 | Depths:2 | Noticed a golden dragon
 65307 | Depths:2 | HP: 5/109 [frost giant/bolt of cold (23)]
 65473 | Depths:2 | Bought a Necronomicon for 840 gold pieces
 65683 | Depths:2 | Received a gift from Sif Muna
 65688 | Depths:2 | Reached XP level 22. HP: 95/114 MP: 35/35
 65688 | Depths:2 | Got Sif Muna's Catalogue of Cunning Air {god gift}
 65790 | Depths:2 | Reached skill level 15 in Air Magic
 65898 | Depths:2 | Killed a golden dragon
 66038 | Depths:2 | Identified the +0 leather armour of the Minstrel {+Inv}
 66067 | Depths:2 | Noticed a golden dragon
 66075 | Depths:2 | Killed a golden dragon
 66138 | Depths:2 | Reached skill level 17 in Transmutations
 66415 | Depths:3 | Found Odghahos's General Store.
 66450 | Depths:3 | Found Leelerevu's Specific Store.
 66558 | Depths:3 | Bought a potion of magic for 184 gold pieces
 66793 | Depths:3 | Received a gift from Sif Muna
 67076 | Depths:3 | Gained mutation: You occasionally lose the ability to read
                  | scrolls when taking damage. [mutagenic glow]
 67255 | Depths:3 | Found a one-way gate to the infinite horrors of the Abyss.
 67385 | Depths:3 | Noticed a caustic shrike
 67387 | Depths:3 | Noticed a golden dragon
 67389 | Depths:3 | Noticed a caustic shrike
 67389 | Depths:3 | Noticed a caustic shrike
 67392 | Depths:3 | Killed a caustic shrike
 67460 | Depths:3 | Killed a caustic shrike
 67527 | Depths:3 | Killed a caustic shrike
 67698 | Depths:3 | Found Velaniest's Magic Scroll Shoppe.
 67706 | Depths:3 | Bought a scroll of fear for 76 gold pieces
 67706 | Depths:3 | Bought a scroll of teleportation for 57 gold pieces
 67706 | Depths:3 | Bought a scroll of teleportation for 57 gold pieces
 67706 | Depths:3 | Bought a scroll of teleportation for 57 gold pieces
 67706 | Depths:3 | Bought a scroll of magic mapping for 142 gold pieces
 67706 | Depths:3 | Bought a scroll of magic mapping for 142 gold pieces
 67770 | Depths:3 | Noticed a golden dragon
 67793 | Depths:3 | Killed a golden dragon
 67921 | Depths:3 | Noticed a golden dragon
 67961 | Depths:3 | Killed a golden dragon
 68016 | Depths:3 | Killed a golden dragon
 68017 | Depths:3 | Reached skill level 18 in Transmutations
 68058 | Depths:3 | Noticed a golden dragon
 68071 | Depths:3 | Killed a golden dragon
 68179 | Depths:4 | Entered Level 4 of the Depths
 68292 | Depths:4 | Noticed a golden dragon
 68305 | Depths:4 | Killed a golden dragon
 68361 | Depths:4 | Noticed a juggernaut
 68372 | Depths:4 | Killed a juggernaut
 68373 | Depths:4 | Reached XP level 23. HP: 86/117 MP: 24/36
 68524 | Depths:4 | Found a gate to the Realm of Zot.
 68564 | Depths:4 | Received a gift from Sif Muna
 68738 | Depths:4 | Found Xoucuxin's Antique Armour Shop.
 68738 | Depths:4 | Found Qiz Wok's Book Boutique.
 68799 | Depths:4 | Bought a book of the Warp for 546 gold pieces
 68958 | Depths:4 | Found a one-way gateway to a ziggurat.
 69291 | Depths:4 | Learned a level 8 spell: Maxwell's Capacitive Coupling
 69612 | Slime:1  | Entered Level 1 of the Pits of Slime
 70177 | Slime:5  | Entered Level 5 of the Pits of Slime
 70195 | Slime:5  | Reached skill level 19 in Transmutations
 70315 | Slime:5  | Received a gift from Sif Muna
 70631 | Slime:5  | Noticed the Royal Jelly
 70649 | Slime:5  | Killed the Royal Jelly
 70766 | Slime:5  | Found the amulet of the Four Winds {rN+ Will+++ Clar}
 70824 | Slime:5  | Identified the amulet "Waefoept" {RegenMP Fly rF+ rN+
                  | Str+3}
 70852 | Slime:5  | Got a slimy rune of Zot
 70867 | Slime:5  | Identified the +8 lajatang "Tohoig" {elec, *Noise MP+9
                  | Int+4}
 70906 | Slime:5  | Identified the ring of Wudenoiden {rElec rC+ Dex+3}
 71620 | Zot:1    | Entered Level 1 of the Realm of Zot
 71626 | Zot:1    | Noticed an orb of fire
 71635 | Depths:4 | Killed an orb of fire
 72075 | Zot:1    | Received a gift from Sif Muna
 72355 | Zot:1    | Reached skill level 20 in Transmutations
 72355 | Zot:1    | Reached XP level 24. HP: 56/122 MP: 30/36
 73954 | Zot:4    | Found a runed translucent door.
 74100 | Zot:4    | Received a gift from Sif Muna
 74101 | Zot:4    | Got Sif Muna's Anthology of Creation and the Discharge {god
                  | gift}
 74782 | Zot:4    | Noticed Meadakhi's ghost (master DgEE)
 74881 | Zot:4    | Identified the +0 leather armour "Iveuhus" {rPois rC+ Will+
                  | Dex-3}
 74962 | Zot:5    | Entered Level 5 of the Realm of Zot
 75478 | Zot:5    | Reached skill level 21 in Transmutations
 75557 | Zot:5    | Noticed a dread lich
 75561 | Zot:5    | Killed a dread lich
 75588 | Zot:5    | Noticed a dread lich
 75595 | Zot:5    | Killed a dread lich
 75596 | Zot:5    | Noticed a dread lich
 75605 | Zot:5    | Killed a dread lich
 75635 | Zot:5    | Noticed an ancient lich
 75637 | Zot:5    | Noticed a dread lich
 75637 | Zot:5    | Noticed a Killer Klown
 75638 | Zot:5    | Noticed a Killer Klown
 75643 | Zot:5    | Noticed an orb of fire
 75643 | Zot:5    | Noticed a Killer Klown
 75645 | Zot:5    | Killed a dread lich
 75645 | Zot:5    | Killed a Killer Klown
 75645 | Zot:5    | Killed a Killer Klown
 75646 | Zot:5    | Lost mutation: Your mind is acute. (Int +4, Str/Dex -1) [an
                  | orb of fire]
 75647 | Zot:5    | Killed from afar by an electric golem
 75648 | Zot:5    | Reached XP level 23. HP: -16/117 MP: 13/45
 75944 | Zot:5    | Killed an ancient lich
 75955 | Zot:5    | Killed a Killer Klown
 75956 | Zot:5    | Reached XP level 24. HP: 122/122 MP: 36/36
 75961 | Zot:5    | Killed an orb of fire
 76014 | Zot:5    | Got the Orb of Zot
 76089 | Zot:5    | Noticed Dyalai the pandemonium lord
 76250 | Depths:3 | Noticed Fiefuihi the pandemonium lord
 76255 | Depths:3 | Killed Fiefuihi the pandemonium lord
 76438 | D:9      | Noticed Illesk the pandemonium lord
 76559 | D:$      | Escaped with the Orb!

Illustrated notes

Levels and vault maps discovered:
D:1:      mrwooster_arrival_statue_2, layout_basic, serial_shops,
          nicolae_shop_trees
D:2:      layout_rooms, moated_statue, minmay_hexomino_u4, uniq_jessica
D:3:      layout_basic, amcnicky_altar_gilded
D:4:      layout_basic, kennysheep_mini_moat, serial_shops,
          kennysheep_little_box
D:5:      minmay_evil_eye, layout_rooms, skrybe_limestone_x,
          uniq_crazy_yiuf_cottage, uniq_duvessa
D:6:      layout_rooms, nicolae_overflow_crystal_walls, temple_pool_b,
          serial_shops, nicolae_diamond_shop,
          nicolae_ossuary_entry_false_entrances
D:7:      layout_loops_cross, lightli_temple_of_fire,
          mainiacjoe_overflow_six_doors_small
D:8:      layout_gridville, minmay_lair_entry_grove, serial_shops,
          nicolae_stop_n_shop_1, hellmonk_guarded_unrand_gyre_and_gimble
D:9:      layout_rooms, okawaru_gym_becter, mainiacjoe_overflow_alcove_1,
          lemuel_tele_altar, uniq_harold
D:10:     layout_cave_pools, nicolae_dithmenos_through_a_glass_darkly,
          ashenzari_altar_1, nicolae_wu_jian_wuxing_cycle, zin_purify, pond,
          uniq_erica, uniq_josephine, uniq_lodul
D:11:     minmay_the_grid_square_5x5_5x5 [minmay_the_grid_square_5x5_two_small,
          minmay_the_grid_square_5x5_three_walls,
          minmay_the_grid_square_5x5_checkered_sparse,
          minmay_the_grid_square_5x5_one_wall, minmay_the_grid_square_5x5_slash,
          minmay_the_grid_square_5x5_eight,
          minmay_the_grid_square_5x5_prize_monsterx,
          minmay_the_grid_square_5x5_fat_x,
          minmay_the_grid_square_5x5_prize_waves,
          minmay_the_grid_square_5x5_n_small, minmay_the_grid_square_5x5_spiral,
          minmay_the_grid_square_5x5_inner_z,
          minmay_the_grid_square_5x5_prize_gold,
          minmay_the_grid_square_5x5_eight_small,
          minmay_the_grid_square_5x5_doubleslash,
          minmay_the_grid_square_5x5_gyroscope,
          minmay_the_grid_square_5x5_prize_snowflake,
          minmay_the_grid_square_5x5_three_small,
          minmay_the_grid_square_5x5_prize_itemx,
          minmay_the_grid_square_5x5_inner_v,
          minmay_the_grid_square_5x5_almost_minimal,
          minmay_the_grid_square_5x5_v, minmay_the_grid_square_5x5_seven,
          minmay_the_grid_square_5x5_tetrominoes,
          minmay_the_grid_square_5x5_two_walls_b], layout_irregular_city,
          gauntlet_entry_generic, statue_in_the_mist_lemuel, uniq_sonja,
          uniq_grum
D:12:     evilmike_diamond_1, layout_cave_pods, david_orc_5,
          minmay_pinched_square
D:13:     evilmike_library_of_no_secrets, layout_irregular_city, erik_vaults_1,
          serial_shops, nicolae_shop_temple_entry_statues_fountains,
          hangedman_decor_clover_reticule, grunt_ministairs_12,
          chequers_serial_rivers_small_a, uniq_urug
D:14:     layout_stronghold, dreamdust_princess_bridge
D:15:     grunt_enter_depths_hoard, layout_long_grid,
          nicolae_uskayaw_murder_on_the_dancefloor
Lair:1:   layout_hall_layers, serial_bayou_shore_a
Lair:2:   layout_cave_shapes, skrybe_swamp_entry_bodies,
          nicolae_spider_entry_tight_spaces, gammafunk_ghost_grave, basic_altar,
          nzn_sisyphean_effort
Lair:3:   layout_misc_corridors, chequers_serial_rivers_marsh
Lair:4:   gammafunk_cloud_chamber, layout_regular_city, uniq_rupert
Lair:5:   hangedman_lair_tendril_chambers, layout_loops_ring, wormcave,
          nicolae_slime_entry_field_trip, kennysheep_abandoned_house
Swamp:1:  layout_basic_swamp, evilmike_swamp_ruin_rubble_1,
          infiniplex_staircase_pool
Swamp:2:  layout_basic_swamp, evilmike_swamp_ruin_wall
Swamp:3:  layout_basic_swamp, evilmike_swamp_ruin_house_4, swamp_pool1
Swamp:4:  swamp_vile, layout_basic_swamp
Spider:1: layout_cave_pods, nicolae_spider_scorpion_nest, uniq_mlioglotl
Spider:2: layout_spider_delve
Spider:3: layout_spider_delve, uniq_azrael
Spider:4: grunt_spider_rune_parallel, portal_ice_cave_entry_ugly_swarm
Slime:1:  layout_caves, nicolae_slime_barrier
Slime:2:  layout_caves, nicolae_slime_ancient_tower_intersection
Slime:3:  layout_caves
Slime:4:  layout_caves
Slime:5
Orc:1:    layout_diamond_mine
Orc:2:    st_orc_ogre_mass, layout_caves, basic_altar
Elf:1:    elf_arrival_001, layout_loops_corners, ebering_ghost_disaster_area,
          minmay_elf_crystal_heptagon, drop_trap, uniq_frances
Elf:2:    nicolae_elf_blades_splatter_lattice [nicolae_blade_entry_pointy_end],
          layout_geoelf_diagonals, basic_altar, serial_shops, shop, uniq_agnes
Elf:3:    minmay_elf_hall_not_hex, layout_onion_city, serial_shops,
          nicolae_square_shop, uniq_saint_roka, uniq_aizul
Vaults:1: gammafunk_ghost_ooze, v_misc_16, ontoclasm_vaults_idyll,
          vaults_room_fancy_cross, v_misc_24, vaults_room_pool,
          hangedman_vaults_nodes, ontoclasm_vaults_spin,
          ontoclasm_vaults_gateway, vaults_room_grunt_arrival_ludios,
          vaults_dpeg_encased_lava, grunt_vaults_diagonal,
          layout_vaults_big_room, serial_shops, shop, uniq_zenata, uniq_donald
Vaults:2: minmay_crypt_entry_simple_plaza, vaults_room_corners, v_misc_23,
          nicolae_vaults_ninety_degrees, v_misc_16, hangedman_vaults_river_flow,
          ontoclasm_vaults_twist, v_rooms_4, st_eye,
          nicolae_vaults_mini_display_case, layout_vaults_maze_bifur,
          serial_shops, shop
Vaults:3: nicolae_vaults_arrows, ontoclasm_vaults_hangar, v_misc_1,
          dpeg_vaults_monster_box, nicolae_vaults_twisting_passages,
          hangedman_vaults_impose, v_pattern_4, v_misc_32,
          nicolae_vaults_meeting, v_misc_24, nicolae_vaults_asterisk,
          serial_ice_h, layout_vaults_omnibox
Vaults:4: grunt_vaults_twisty, hangedman_vaults_stream, vaults_mumra_chevron,
          v_pattern_5, vaults_room_pool, nicolae_vaults_big_angled_halls,
          v_misc_18, nicolae_vaults_theta, vaults_dpeg_cross, v_misc_31,
          ontoclasm_vaults_chip, layout_vaults_omnicross, serial_shops,
          nicolae_shop_crystal, uniq_margery
Depths:1: layout_twisted_cross, grunt_metal_band, grunt_qazlal_clouds,
          rand_demon_pan_entry_1, grunt_ministairs_11, minmay_misc_feat_iff,
          minmay_crystal_box, minmay_shop_star
Depths:2: grunt_bent_corner, layout_gridville, minmay_misc_feat_x, hell_entry,
          serial_shops, nicolae_shop_statue_plus, gammafunk_ghost_grave,
          pan_entry
Depths:3: minmay_stepped, layout_cross, serial_shops,
          nicolae_shop_temple_entry_statues_fountains, reono_crystal_passage,
          hangedman_abyss_entry_splay, pf_dread_powers_of_hell,
          nicolae_specific_store, infiniplex_staircase_pool_lava
Depths:4: evilmike_zot_entry_basic, layout_gridville, enter_ziggurat_c,
          pf_hell_entry_tar_river, kennysheep_flooded_box, minmay_shoptagon,
          grunt_megastairs_2
Zot:1:    layout_basic, uniq_vv
Zot:2:    layout_cathedral_of_symmetry, gammafunk_ghost_split, st_stairs_4
Zot:3:    layout_concentric_octagons, uniq_parghit
Zot:4:    layout_basic, gammafunk_ghost_grave, lemuel_elevator
Zot:5:    layout_gridlike

Skill      XL: |  1  2  3  4  5  6  7  8  9 10 11 12 13 14 15 16 17 18 19 20 21 22 23 24 |
---------------+-------------------------------------------------------------------------+-----
Stealth        | 1 2 3 4 5 7 12 | 12.0
Poison Magic   | 4 5 6 7 8 |  8.3
Air Magic      | 1 8 10 12 13 14 16 19 20 | 20.4
Spellcasting   | 2 3 4 5 6 8 |  8.0
Invocations    | 1 2 3 4 6 8 9 10 13 | 13.0
Fighting       | 4 6 7 9 11 13 14 15 16 17 19 20 | 20.0
Dodging        | 5 8 9 12 14 15 17 19 20 | 20.0
Conjurations   | 2 5 8 |  8.5
Transmutations | 2 7 9 10 13 15 16 18 20 21 | 21.8
Ice Magic      | 4 |  4.6
Unarmed Combat | 2 6 11 13 14 16 18 17 | 18.4
Evocations     | |  1.1

Action                     |  1- 3 |  4- 6 |  7- 9 | 10-12 | 13-15 | 16-18 | 19-21 | 22-24 || total
---------------------------+-------+-------+-------+-------+-------+-------+-------+-------++-------
  Melee: Unarmed           |    19 |    28 |    38 |   110 |   161 |   674 |   911 |   871 ||  2812
         Bite              |     2 |     3 |     8 |    22 |    22 |     3 |     3 |     2 ||    65
         Punch             |     1 |       |     1 |     4 |     1 |    45 |   144 |   160 ||   356
         Headbutt          |       |       |       |       |       |       |     2 |     1 ||     3
   Cast: Sting             |    12 |     7 |    29 |    20 |       |       |       |       ||    68
         Poisonous Vapours |    36 |    92 |    69 |       |     1 |       |       |       ||   198
         Olgreb's Toxic Ra |       |       |    35 |   136 |   290 |    48 |    20 |    29 ||   558
         Mephitic Cloud    |       |       |    10 |    51 |    35 |       |       |       ||    96
         Irradiate         |       |       |       |    40 |   183 |    91 |    48 |    59 ||   421
         Ignite Poison     |       |       |       |       |   116 |    63 |    28 |    35 ||   242
         Freezing Cloud    |       |       |       |       |    49 |     8 |     4 |       ||    61
         Eringya's Noxious |       |       |       |       |       |    93 |    41 |    42 ||   176
         Storm Form        |       |       |       |       |       |    85 |    78 |    73 ||   236
         Wereblood         |       |       |       |       |       |       |    21 |     6 ||    27
         Chain Lightning   |       |       |       |       |       |       |     2 |     4 ||     6
         Death's Door      |       |       |       |       |       |       |       |     1 ||     1
         Maxwell's Capacit |       |       |       |       |       |       |       |    24 ||    24
         Apportation       |       |       |       |       |       |       |       |     1 ||     1
 Invoke: Channel Magic     |       |       |     1 |    10 |    11 |     4 |       |     2 ||    28
         Divine Exegesis   |       |       |       |       |       |       |     2 |     5 ||     7
Ability: Blinkbolt         |       |       |       |       |       |       |    21 |    41 ||    62
         End Transformatio |       |       |       |       |       |       |       |     1 ||     1
  Evoke: Wand              |       |     7 |    10 |    17 |     2 |     4 |       |     1 ||    41
         Phial of floods   |       |       |       |       |       |       |     1 |       ||     1
    Use: Potion            |     3 |     1 |       |     5 |     4 |    10 |     5 |    14 ||    42
         Scroll            |     5 |     9 |     2 |     7 |    12 |     7 |     5 |    15 ||    62
   Stab: Confused          |       |       |     1 |    15 |     2 |       |       |       ||    18
         Sleeping          |       |       |       |     5 |     8 |     8 |    39 |    10 ||    70
         Distracted        |       |       |       |     1 |       |     1 |     3 |     1 ||     6
         Invisible         |       |       |       |       |       |     2 |       |     6 ||     8
 Armour: Skin              |     3 |     5 |     6 |    10 |    21 |   133 |    88 |    93 ||   359
  Dodge: Dodged            |    33 |    55 |    69 |   202 |   464 |  1196 |  1017 |  1240 ||  4276

Table legend: (Time is in decaauts)
 A = Elapsed time spent in this place.
 B = Non-inter-level travel time spent in this place.
 C = Inter-level travel time spent in this place.
 D = Time resting spent in this place.
 E = Time spent auto-exploring this place.
 F = Levels seen in this place.
 G = Mean time per level.
                   A        B        C        D        E       F      G
               +--------+--------+--------+--------+--------+-----+--------+
         Total |  70446 |  65645 |   4801 |   5790 |  47016 |  54 | 1304.6 |
       Dungeon |  23668 |  21334 |   2334 |    953 |  16108 |  15 | 1577.9 |
          Lair |  10713 |  10100 |    613 |   1510 |   6826 |   5 | 2142.6 |
         Swamp |   4121 |   3967 |    154 |    125 |   3062 |   4 | 1030.2 |
   Spider Nest |   5763 |   5467 |    296 |    284 |   4213 |   4 | 1440.8 |
    Slime Pits |   1551 |   1480 |     71 |    548 |    500 |   5 |  310.2 |
  Orcish Mines |   1836 |   1620 |    216 |    141 |   1251 |   2 |  918.0 |
   Elven Halls |   4914 |   4551 |    363 |    264 |   3595 |   3 | 1638.0 |
        Vaults |   6354 |   6123 |    231 |    222 |   4707 |   4 | 1588.5 |
        Depths |   6017 |   5722 |    295 |    552 |   3960 |   4 | 1504.2 |
           Zot |   3891 |   3665 |    226 |    865 |   1870 |   5 |  778.2 |
       Ossuary |      8 |      8 |      0 |      0 |      0 |   1 |    8.0 |
      Ice Cave |   1035 |   1035 |      0 |     70 |    759 |   1 | 1035.0 |
      Gauntlet |    571 |    571 |      0 |    256 |    161 |   1 |  571.0 |
               +--------+--------+--------+--------+--------+-----+--------+

Top non-repeatable levels by time:
  Lair:5: 3458 daAuts
    D:12: 2763 daAuts
     D:5: 2570 daAuts
    D:11: 2320 daAuts
  Lair:4: 2277 daAuts
    D:13: 2156 daAuts
   Elf:3: 2041 daAuts
     D:8: 1974 daAuts
   Elf:1: 1938 daAuts
Spider:4: 1915 daAuts
Depths:3: 1904 daAuts
Depths:2: 1837 daAuts
  Lair:1: 1826 daAuts
  Lair:2: 1809 daAuts
     D:7: 1733 daAuts
